 Dungeon Crawl Stone Soup version 0.14-a0-882-gdff4d47 (webtiles) character file.

526 JacquesDerrida the Cleaver (level 6, 0/50 HPs)
             Began as a Hill Orc Gladiator on Nov 17, 2013.
             Was a Follower of Beogh.
             Slain by an ogre
             ... wielding a +0,+0 giant club
              (28 damage)
             ... on Level 4 of the Dungeon.
             The game lasted 00:06:25 (2836 turns).

JacquesDerrida the Cleaver (Hill Orc Gladiator)     Turns: 2836, Time: 00:06:25

HP   0/50        AC  7     Str 19      XL: 6   Next: 55%
MP   5/5         EV 11     Int 14      God: Beogh [*.....]
Gold 188         SH  0     Dex 11      Spells:  1 memorised,  3 levels left

Res.Fire  : . . .   See Invis. : .   o - -1,+1 orc war axe
Res.Cold  : . . .   Warding    : .   b - +0 orc leather armour
Life Prot.: . . .   Conserve   : .   (no shield)
Res.Poison: .       Res.Corr.  : +   c - +0 orc helmet
Res.Elec. : .       Clarity    : .   (no cloak)
Sust.Abil.: . .     Spirit.Shd : .   (no gloves)
Res.Mut.  : .       Stasis     : .   w - +1 pair of boots
Res.Rott. : .       Flight     : .   e - amulet of resist corrosion {unknown}
Saprovore : + . .                    (no ring)
                                     k - +5 ring of intelligence

@: mildly poisoned, slightly resistant to hostile enchantments, very unstealthy
A: saprovore 1
a: Renounce Religion


You were on level 4 of the Dungeon.
You worshipped Beogh.
Beogh was aware of your devotion.
You were not hungry.

You visited 1 branch of the dungeon, and saw 4 of its levels.

You collected 188 gold pieces.

Inventory:

Hand weapons
 a - a +0,+0 orcish hand axe
 o - a -1,+1 orcish war axe (weapon)
Missiles
 d - 3 throwing nets (quivered)
Armour
 b - a +0 orcish leather armour (worn)
 c - a +0 orcish helmet (worn)
 v - a +0 plate armour
 w - a +1 pair of boots (worn)
Comestibles
 f - 3 meat rations
 g - a lemon
 m - 15 sultanas
 n - 2 bread rations
 z - a chunk of hobgoblin flesh
 A - 3 chunks of hobgoblin flesh
Scrolls
 h - a scroll of curse armour {unknown}
 p - a scroll of curse weapon {unknown}
 q - 2 scrolls of teleportation {unknown}
 r - 3 scrolls of identify {unknown}
 s - a scroll of blinking {unknown}
 t - a scroll of curse jewellery {unknown}
 y - 2 scrolls of enchant armour {unknown}
Jewellery
 e - an amulet of resist corrosion (around neck) {unknown}
 k - a +5 ring of intelligence (left hand)
Potions
 i - a potion of curing
 l - 2 potions of brilliance
 u - a potion of invisibility {unknown}
Books
 x - a Young Poisoner's Handbook

   Spells                             Type                      Level
   Sting                              Conjuration/Poison           1
   *Cure Poison                       Poison                       2
   Mephitic Cloud                     Conjuration/Poison/Air       3
   Olgreb's Toxic Radiance            Poison                       4
   Venom Bolt                         Conjuration/Poison           5


   Skills:
 - Level 2.4 Fighting
 * Level 8.9 Axes
 - Level 2.0 Throwing
 + Level 2.2 Armour
 - Level 2.4 Dodging


You had 3 spell levels left.
You knew the following spells:

 Your Spells              Type           Power        Failure   Level  Hunger
a - Cure Poison           Pois           #.........   43%         2    ###....


Dungeon Overview and Level Annotations

Branches:
Dungeon (4/16)
 Temple: D:4-7

Altars:
Elyvilon


Innate Abilities, Weirdness & Mutations

You can tolerate rotten meat.


Message History

You hit the ogre.
The ogre is heavily wounded.
The ogre hits you with a giant club!
You slash the ogre!
The ogre is almost dead.
You completely miss the ogre.
The ogre is almost dead.
The ogre hits you with a giant club!
Ouch! That really hurt!
* * * LOW HITPOINT WARNING * * *
You hit the rat.
You kill the rat!
Beogh accepts your kill.
Beogh supports the use of orcish gear.
You barely miss the ogre.
The ogre is almost dead.
The ogre closely misses you.
Drink which item? (? for menu, Esc to quit)
You feel much better. The ogre hits you with a giant club!
Ouch! That really hurt!
You die...

#.# ... #.# ####..#+.
#<# #......... ##.#
+.........# ##..####..
#.........# .........#
#.........# ##.#######
#.........# #.#
#...O.....# #.# #@###
#.# #...#### #(#
###....# #.# ########.##
##)##### #.........#
.......#######.........#
.............#.........#
.......#####.#.......%.#
.......#
#.................


You could see an ogre.

Vanquished Creatures
  A phantom (D:3)
  Sigmund (D:2)
  An orc wizard (D:3)
  A worker ant (D:3)
  Ijyb (D:3)
  4 adders
  A giant mite (D:4)
  3 giant geckos
  8 orcs (D:3)
  9 bats
  6 giant cockroaches
  6 hobgoblins
  7 kobolds
  2 ball pythons
  4 giant newts
  6 goblins
  4 jackals (D:1)
  A quokka (D:2)
  10 rats
76 creatures vanquished.

Vanquished Creatures (others)
  An adder (D:3)
1 creature vanquished.

Grand Total: 77 creatures vanquished

Notes
Turn   | Place    | Note
--------------------------------------------------------------
     0 | D:1      | JacquesDerrida, the Hill Orc Gladiator, began the quest for the Orb.
     0 | D:1      | Reached XP level 1. HP: 18/18 MP: 0/0
    69 | D:1      | Reached XP level 2. HP: 16/25 MP: 1/1
   271 | D:1      | Reached skill level 5 in Axes
   463 | D:1      | Reached XP level 3. HP: 30/30 MP: 2/2
  1028 | D:2      | Noticed Sigmund
  1446 | D:2      | Killed Sigmund
  1446 | D:2      | Reached skill level 7 in Axes
  1446 | D:2      | Reached XP level 4. HP: 16/38 MP: 3/3
  1480 | D:2      | Reached XP level 5. HP: 23/44 MP: 4/4
  2145 | D:3      | Found a white marble altar of Elyvilon.
  2163 | D:3      | Became a worshipper of Beogh the Brigand
  2201 | D:3      | Noticed Ijyb
  2212 | D:3      | Killed Ijyb
  2267 | D:3      | Reached skill level 1 in Armour
  2286 | D:3      | Noticed a phantom
  2303 | D:3      | Killed a phantom
  2303 | D:3      | Reached skill level 8 in Axes
  2303 | D:3      | Reached XP level 6. HP: 28/50 MP: 5/5
  2511 | D:3      | Learned a level 2 spell: Cure Poison
  2835 | D:4      | Acquired Beogh's first power
  2836 | D:4      | Slain by an ogre

Action                   |  1- 3 |  4- 6 || total
-------------------------+-------+-------++-------
Melee: Hand axe          |   106 |    54 ||   160
       War axe           |       |    69 ||    69
Invok: Convert to Beogh  |       |     1 ||     1
  Use: Potion            |     4 |     3 ||     7
       Scroll            |     1 |       ||     1
